[ AOE2 MATCH · #504936781 ]
UnrankedDravidians vs Khmer
Player's team · LOSS
Rival team · WIN
[ REPLAY ANALYSIS · EXTRACTED FROM THE RECORDED GAME ]
Feudal
14:16
Castle
20:44
Imperial
—
| APM avg | 60.8 |
| APM peak | 112 |
| eAPM avg | 29.4 |
| Villagers / military | 59 / 71 |
Focus
⚔️ 68.8% · 🌾 31.2%
Urumi Swordsman ×60 · Militia ×11 · Unknown (1105) ×4
Feudal
8:51
Castle
18:59
Imperial
—
| APM avg | 49.3 |
| APM peak | 83 |
| eAPM avg | 22.3 |
| Villagers / military | 86 / 40 |
Focus
⚔️ 35.9% · 🌾 64.1%
Knight ×32 · Monk ×4 · Scout Cavalry ×4
Match map
Initial resources + every placement click. Lines = walls · curves = elevation contours. ◆ gold · ⬟ stone · ● berries · ✦ relic · ◌ wall gap
Your base· ✓ Closed at 20:44 · 76t walls · 2 gate(s)
LilyBear's base· Open — opponent sealed themselves in
Smoothed initial terrain · ◌ = detected wall gap · hover for details
Inputs per minute
— Dr. Wiley!!! - - LilyBear
Build order — Dr. Wiley!!!
First 150 of 251 actions detected
| 0:00 | Create | Villager (Male) |
| 0:00 | Create | Villager (Male) |
| 0:02 | Build | House |
| 0:03 | Build | House |
| 0:10 | Create | Villager (Male) |
| 0:12 | Create | Villager (Male) |
| 1:14 | Create | Villager (Male) |
| 1:41 | Create | Villager (Male) |
| 2:16 | Create | Villager (Male) |
| 2:42 | Create | Villager (Male) |
| 3:00 | Build | Barracks |
| 3:04 | Build | Palisade Wall |
| 3:06 | Build | Palisade Wall |
| 3:06 | Build | Palisade Wall |
| 3:10 | Create | Villager (Male) |
| 3:18 | Build | House |
| 3:23 | Create | Villager (Male) |
| 3:36 | Create | Villager (Male) |
| 3:57 | Create | Militia |
| 4:13 | Build | Palisade Wall |
| 4:21 | Create | Villager (Male) |
| 4:30 | Build | House |
| 4:32 | Build | House |
| 4:35 | Build | Palisade Wall |
| 4:37 | Build | Palisade Wall |
| 4:37 | Build | Palisade Wall |
| 4:45 | Create | Villager (Male) |
| 4:47 | Create | Militia |
| 4:58 | Create | Villager (Male) |
| 5:10 | Create | Villager (Male) |
| 5:24 | Build | House |
| 5:28 | Create | Villager (Male) |
| 5:49 | Build | Palisade Wall |
| 5:50 | Build | Palisade Wall |
| 5:50 | Build | Palisade Wall |
| 5:50 | Build | Palisade Wall |
| 5:51 | Build | Palisade Wall |
| 5:51 | Build | Palisade Wall |
| 5:57 | Create | Militia |
| 6:18 | Create | Villager (Male) |
| 6:29 | Create | Militia |
| 6:45 | Create | Villager (Male) |
| 6:53 | Create | Militia |
| 7:10 | Build | House |
| 7:16 | Create | Villager (Male) |
| 7:19 | Build | Mill |
| 7:28 | Create | Villager (Male) |
| 7:41 | Build | House |
| 7:44 | Create | Villager (Male) |
| 8:22 | Create | Villager (Male) |
| 8:31 | Create | Villager (Male) |
| 8:35 | Build | Palisade Wall |
| 8:36 | Build | Palisade Wall |
| 8:45 | Build | Lumber Camp |
| 8:59 | Create | Villager (Male) |
| 9:01 | Build | House |
| 9:15 | Create | Villager (Male) |
| 9:35 | Build | House |
| 9:40 | Build | Palisade Wall |
| 9:52 | Research | Loom |
| 10:19 | Build | House |
| 10:23 | Create | Villager (Male) |
| 10:28 | Build | Palisade Wall |
| 10:41 | Create | Villager (Male) |
| 10:43 | Build | Farm |
| 10:43 | Build | Farm |
| 10:43 | Build | Farm |
| 10:58 | Create | Villager (Male) |
| 11:15 | Create | Villager (Male) |
| 11:30 | Create | Villager (Male) |
| 11:44 | Build | Lumber Camp |
| 11:46 | Build | Farm |
| 11:52 | Build | Farm |
| 11:54 | Build | Mill |
| 11:56 | Create | Villager (Male) |
| 12:06 | Research | Feudal Age |
| 12:06 | Research | Feudal Age |
| 12:15 | Build | Palisade Wall |
| 12:19 | Build | House |
| 12:20 | Build | House |
| 12:22 | Build | Farm |
| 12:44 | Build | Mining Camp |
| 12:47 | Build | Mining Camp |
| 12:51 | Create | Villager (Male) |
| 13:23 | Build | Farm |
| 13:24 | Create | Villager (Male) |
| 13:31 | Build | Palisade Wall |
| 13:36 | Create | Militia |
| 13:43 | Build | House |
| 13:45 | Build | Palisade Wall |
| 14:01 | Build | Palisade Wall |
| 14:09 | Build | Farm |
| 14:16 | Age | Feudal Age |
| 14:21 | Research | Man-at-Arms (upgrade) |
| 14:39 | Create | Villager (Male) |
| 14:52 | Create | Villager (Male) |
| 14:56 | Build | Farm |
| 14:57 | Build | Farm |
| 14:57 | Build | Farm |
| 14:57 | Build | Farm |
| 15:03 | Create | Militia ×5 |
| 15:14 | Build | Market |
| 15:25 | Create | Villager (Male) |
| 15:38 | Research | Double-Bit Axe |
| 15:38 | Create | Villager (Male) |
| 16:00 | Research | Arson |
| 16:03 | Create | Villager (Male) |
| 16:05 | Build | Farm |
| 16:09 | Build | Blacksmith |
| 16:25 | Build | Farm |
| 16:27 | Build | Farm |
| 16:43 | Create | Villager (Male) |
| 17:09 | Build | House |
| 17:10 | Build | House |
| 17:12 | Build | Farm |
| 17:16 | Build | Farm |
| 17:24 | Create | Villager (Male) |
| 17:39 | Build | Mining Camp |
| 17:58 | Build | Stone Wall |
| 18:00 | Build | Stone Wall |
| 18:04 | Research | Castle Age |
| 18:04 | Research | Castle Age |
| 18:11 | Build | House |
| 18:25 | Build | Farm |
| 18:28 | Research | Horse Collar |
| 18:34 | Build | Farm |
| 18:35 | Build | Farm |
| 18:50 | Build | Stone Wall |
| 18:52 | Create | Villager (Male) |
| 18:57 | Build | Gate |
| 19:01 | Build | Stone Wall |
| 19:12 | Create | Villager (Male) |
| 19:15 | Build | House |
| 19:16 | Build | House |
| 19:17 | Build | House |
| 19:24 | Build | Gate |
| 19:26 | Build | Stone Wall |
| 19:34 | Research | Wheelbarrow |
| 19:49 | Create | Villager (Male) |
| 20:38 | Build | Stone Wall |
| 20:44 | Age | Castle Age |
| 20:46 | Build | Stone Wall |
| 20:48 | Research | Bow Saw |
| 21:00 | Research | Long Swordsman (upgrade) |
| 21:02 | Create | Villager (Male) |
| 21:18 | Create | Villager (Male) |
| 21:33 | Research | Gold Mining |
| 21:36 | Research | Heavy Plow |
| 21:47 | Build | Farm |
| 22:00 | Build | Farm |
Build order — LilyBear
First 150 of 251 actions detected
| 0:00 | Create | Villager (Male) |
| 0:00 | Create | Villager (Male) |
| 0:01 | Build | House |
| 0:02 | Build | House |
| 0:10 | Create | Villager (Male) |
| 0:11 | Create | Villager (Male) |
| 1:25 | Create | Villager (Male) |
| 1:50 | Create | Villager (Male) |
| 2:28 | Create | Villager (Male) |
| 2:28 | Create | Villager (Male) |
| 2:41 | Build | Lumber Camp |
| 3:10 | Create | Villager (Male) |
| 3:35 | Create | Villager (Male) |
| 3:48 | Create | Villager (Male) |
| 3:54 | Build | House |
| 3:58 | Create | Villager (Male) |
| 5:01 | Create | Villager (Male) |
| 5:21 | Create | Villager (Male) |
| 5:26 | Build | Palisade Wall |
| 5:39 | Build | Palisade Wall |
| 5:41 | Build | Palisade Wall |
| 5:49 | Create | Villager (Male) |
| 5:54 | Research | Loom |
| 6:35 | Research | Feudal Age |
| 6:47 | Build | House |
| 6:48 | Build | House |
| 8:02 | Build | Palisade Wall |
| 8:03 | Build | Palisade Wall |
| 8:05 | Build | Palisade Wall |
| 8:06 | Build | Palisade Wall |
| 8:09 | Build | House |
| 8:12 | Build | Palisade Wall |
| 8:23 | Create | Villager (Male) |
| 8:51 | Age | Feudal Age |
| 8:53 | Build | Stable |
| 9:05 | Create | Villager (Male) |
| 9:08 | Build | House |
| 9:10 | Research | Double-Bit Axe |
| 9:32 | Create | Villager (Male) |
| 9:36 | Create | Scout Cavalry |
| 9:44 | Build | Farm |
| 9:45 | Build | Farm |
| 9:53 | Create | Villager (Male) |
| 10:12 | Create | Villager (Male) |
| 10:14 | Create | Scout Cavalry |
| 10:20 | Create | Villager (Male) |
| 10:25 | Build | Farm |
| 10:26 | Build | Farm |
| 10:31 | Build | Farm |
| 10:43 | Create | Villager (Male) |
| 10:47 | Build | Farm |
| 11:06 | Build | Mill |
| 11:13 | Create | Villager (Male) |
| 11:23 | Build | Farm |
| 11:24 | Create | Villager (Male) |
| 11:36 | Build | Palisade Wall |
| 11:37 | Build | Palisade Wall |
| 11:44 | Build | Farm |
| 11:48 | Build | Farm |
| 11:50 | Build | Farm |
| 11:51 | Build | Farm |
| 11:55 | Create | Scout Cavalry |
| 12:01 | Build | Farm |
| 12:09 | Build | House |
| 12:12 | Create | Villager (Male) |
| 12:17 | Build | Farm |
| 12:27 | Create | Villager (Male) |
| 12:33 | Build | Farm |
| 12:36 | Create | Scout Cavalry |
| 12:42 | Build | Palisade Wall |
| 12:43 | Build | House |
| 12:48 | Create | Villager (Male) |
| 12:52 | Build | Palisade Wall |
| 12:55 | Build | Palisade Wall |
| 13:05 | Create | Villager (Male) |
| 13:12 | Build | Palisade Wall |
| 13:13 | Build | Palisade Wall |
| 13:15 | Build | Palisade Wall |
| 13:16 | Create | Villager (Male) |
| 13:23 | Create | Villager (Male) |
| 13:25 | Build | Farm |
| 13:34 | Build | Farm |
| 13:37 | Build | House |
| 13:37 | Create | Villager (Male) |
| 13:45 | Build | Mining Camp |
| 14:04 | Create | Villager (Male) |
| 14:08 | Build | Palisade Wall |
| 14:13 | Build | Palisade Wall |
| 14:15 | Build | Palisade Wall |
| 14:18 | Create | Villager (Male) |
| 14:20 | Build | House |
| 14:53 | Build | Blacksmith |
| 15:36 | Build | Farm |
| 16:19 | Research | Castle Age |
| 16:20 | Research | Castle Age |
| 16:43 | Build | Stone Wall |
| 16:45 | Build | Stone Wall |
| 16:47 | Build | Stone Wall |
| 16:48 | Build | Stone Wall |
| 16:55 | Build | Stable |
| 17:05 | Build | Stone Wall |
| 17:10 | Research | Scale Barding Armor |
| 17:14 | Research | Forging |
| 17:14 | Research | Forging |
| 17:20 | Build | Lumber Camp |
| 17:34 | Build | House |
| 17:39 | Research | Bloodlines |
| 17:39 | Research | Bloodlines |
| 17:45 | Build | Farm |
| 18:00 | Research | Forging |
| 18:13 | Research | Gold Mining |
| 18:17 | Build | Farm |
| 18:43 | Build | Palisade Wall |
| 18:49 | Create | Villager (Male) |
| 18:59 | Age | Castle Age |
| 19:02 | Create | Knight |
| 19:02 | Create | Knight |
| 19:05 | Build | Monastery |
| 19:12 | Build | House |
| 19:17 | Build | House |
| 19:21 | Create | Knight |
| 19:22 | Create | Knight |
| 19:30 | Build | Farm |
| 19:37 | Create | Monk |
| 19:41 | Create | Villager (Male) |
| 20:02 | Create | Villager (Male) |
| 20:14 | Build | Farm |
| 20:23 | Create | Villager (Male) |
| 20:56 | Create | Villager (Male) |
| 20:57 | Build | Palisade Wall |
| 20:58 | Build | Palisade Wall |
| 21:01 | Build | Mill |
| 21:13 | Create | Villager (Male) |
| 21:29 | Create | Villager (Male) |
| 21:49 | Create | Monk |
| 21:51 | Build | House |
| 21:56 | Build | Palisade Wall |
| 21:57 | Create | Villager (Male) |
| 22:03 | Create | Knight |
| 22:03 | Create | Knight |
| 22:10 | Build | Palisade Wall |
| 22:13 | Build | House |
| 22:14 | Build | House |
| 22:17 | Build | Palisade Wall |
| 22:22 | Build | House |
| 22:47 | Create | Villager (Male) |
| 23:03 | Create | Villager (Male) |
| 23:12 | Create | Villager (Male) |
| 23:15 | Build | Town Center |
| 23:29 | Research | Bow Saw |
Match timeline
| 3:00 | Dr. Wiley!!! · first_building Barracks |
| 3:04 | Dr. Wiley!!! · wall_segment Palisade Wall x1 |
| 3:06 | Dr. Wiley!!! · wall_segment Palisade Wall x1 |
| 3:06 | Dr. Wiley!!! · wall_segment Palisade Wall x1 |
| 4:13 | Dr. Wiley!!! · wall_segment Palisade Wall x1 |
| 4:35 | Dr. Wiley!!! · wall_segment Palisade Wall x1 |
| 4:37 | Dr. Wiley!!! · wall_segment Palisade Wall x1 |
| 4:37 | Dr. Wiley!!! · wall_segment Palisade Wall x1 |
| 5:26 | LilyBear · wall_segment Palisade Wall x1 |
| 5:39 | LilyBear · wall_segment Palisade Wall x1 |
| 5:41 | LilyBear · wall_segment Palisade Wall x1 |
| 5:49 | Dr. Wiley!!! · wall_segment Palisade Wall x2 |
| 5:50 | Dr. Wiley!!! · wall_segment Palisade Wall x2 |
| 5:50 | Dr. Wiley!!! · wall_segment Palisade Wall x1 |
| 5:50 | Dr. Wiley!!! · wall_segment Palisade Wall x2 |
| 5:51 | Dr. Wiley!!! · wall_segment Palisade Wall x2 |
| 5:51 | Dr. Wiley!!! · wall_segment Palisade Wall x1 |
| 8:02 | LilyBear · wall_segment Palisade Wall x1 |
| 8:03 | LilyBear · wall_segment Palisade Wall x1 |
| 8:05 | LilyBear · wall_segment Palisade Wall x1 |
| 8:06 | LilyBear · wall_segment Palisade Wall x1 |
| 8:12 | LilyBear · wall_segment Palisade Wall x1 |
| 8:35 | Dr. Wiley!!! · wall_segment Palisade Wall x1 |
| 8:36 | Dr. Wiley!!! · wall_segment Palisade Wall x1 |
| 8:51 | LilyBear · age_up feudal |
| 8:53 | LilyBear · first_building Stable |
| 9:40 | Dr. Wiley!!! · wall_segment Palisade Wall x8 |
| 10:28 | Dr. Wiley!!! · wall_segment Palisade Wall x11 |
| 11:36 | LilyBear · wall_segment Palisade Wall x1 |
| 11:37 | LilyBear · wall_segment Palisade Wall x1 |
| 12:15 | Dr. Wiley!!! · wall_segment Palisade Wall x1 |
| 12:42 | LilyBear · wall_segment Palisade Wall x1 |
| 12:52 | LilyBear · wall_segment Palisade Wall x1 |
| 12:55 | LilyBear · wall_segment Palisade Wall x1 |
| 13:12 | LilyBear · wall_segment Palisade Wall x1 |
| 13:13 | LilyBear · wall_segment Palisade Wall x1 |
| 13:15 | LilyBear · wall_segment Palisade Wall x1 |
| 13:31 | Dr. Wiley!!! · wall_segment Palisade Wall x13 |
| 13:45 | Dr. Wiley!!! · wall_segment Palisade Wall x7 |
| 14:01 | Dr. Wiley!!! · wall_segment Palisade Wall x1 |
| 14:08 | LilyBear · wall_segment Palisade Wall x1 |
| 14:13 | LilyBear · wall_segment Palisade Wall x2 |
| 14:15 | LilyBear · wall_segment Palisade Wall x4 |
| 14:16 | Dr. Wiley!!! · age_up feudal |
| 16:43 | LilyBear · wall_segment Stone Wall x1 |
| 16:45 | LilyBear · wall_segment Stone Wall x1 |
| 16:47 | LilyBear · wall_segment Stone Wall x1 |
| 16:48 | LilyBear · wall_segment Stone Wall x1 |
| 17:05 | LilyBear · wall_segment Stone Wall x5 |
| 17:58 | Dr. Wiley!!! · wall_segment Stone Wall x11 |
| 18:00 | Dr. Wiley!!! · wall_segment Stone Wall x1 |
| 18:43 | LilyBear · wall_segment Palisade Wall x1 |
| 18:50 | Dr. Wiley!!! · wall_segment Stone Wall x10 |
| 18:59 | LilyBear · age_up castle |
| 19:01 | Dr. Wiley!!! · wall_segment Stone Wall x1 |
| 19:05 | LilyBear · first_building Monastery |
| 19:26 | Dr. Wiley!!! · wall_segment Stone Wall x1 |
| 20:38 | Dr. Wiley!!! · wall_segment Stone Wall x4 |
| 20:44 | Dr. Wiley!!! · age_up castle |
| 20:46 | Dr. Wiley!!! · wall_segment Stone Wall x6 |
| 20:50 | Dr. Wiley!!! · first_market_buy 100 stone |
| 20:57 | Dr. Wiley!!! · first_market_sell 100 wood |
| 20:57 | LilyBear · wall_segment Palisade Wall x1 |
| 20:58 | LilyBear · wall_segment Palisade Wall x2 |
| 21:56 | LilyBear · wall_segment Palisade Wall x1 |
| 22:10 | LilyBear · wall_segment Palisade Wall x1 |
| 22:17 | LilyBear · wall_segment Palisade Wall x1 |
| 22:21 | Dr. Wiley!!! · first_building Castle |
| 23:07 | Dr. Wiley!!! · first_building Siege Workshop |
| 29:42 | LilyBear · first_building Castle |
| 29:57 | Dr. Wiley!!! · wall_segment Palisade Wall x1 |
| 29:58 | Dr. Wiley!!! · wall_segment Palisade Wall x1 |
| 29:59 | Dr. Wiley!!! · wall_segment Palisade Wall x1 |
| 32:02 | Dr. Wiley!!! · resign |
[ AI ANALYSIS · 1 CREDIT ]
What really happened in this match?
Wolo.gg analyzes every decision: build order, eco, micro, common mistakes by bracket. Personalized analysis on WhatsApp or Discord in 30 seconds.
Civ guide
Dravidians
Perfil
Jugador #21733994